 Dungeon Crawl Stone Soup version 0.15.2 (webtiles) character file.

104 kroki the Slasher (level 4, 0/35 HPs)
             Began as a Mummy Berserker on Jan 31, 2015.
             Was a Believer of Trog.
             Slain by ark's ghost (3 damage)
             ... on Level 3 of the Dungeon.
             The game lasted 00:04:15 (2622 turns).

kroki the Slasher (Mummy Berserker)                 Turns: 2622, Time: 00:04:16

HP   0/35        AC  7     Str 20      XL: 4   Next: 52%
MP   4/4         EV 10     Int  6      God: Trog [**....]
Gold 82          SH  0     Dex 12      Spells:  0 memorised,  3 levels left

rFire  x . .     SeeInvis .     k - +4 dagger
rCold  + . .     Clarity  .     g - +2 ring mail
rNeg   + + +     rCorr    .     (no shield)
rPois  +         rRot     +     (no helmet)
rElec  .         Spirit   .     (no cloak)
SustAb .         Warding  .     (no gloves)
rMut   .         Stasis   .     (no boots)
Gourm  .                        (no amulet)
MR     ++...                    (no ring)
                                (no ring)

@: regenerating, very resistant to hostile enchantments, very unstealthy
A: no food or potions, fire vulnerability, restore body, cold resistance 1,
negative energy resistance 3, poison resistance, torment resistance, unbreathing
a: Burn Spellbooks, Trog's Hand, Renounce Religion


You were on level 3 of the Dungeon.
You worshipped Trog.
Trog was pleased with you.
You were not hungry.

You visited 1 branch of the dungeon, and saw 3 of its levels.

You collected 82 gold pieces.

Inventory:

Hand weapons
 a - a +0 falchion
 d - a +2 hunting sling of evasion
   (You took it off a goblin on level 2 of the Dungeon)
 k - a +4 dagger (weapon)
   (You took it off a goblin on level 2 of the Dungeon)
Missiles
 c - 20 stones (quivered)
 f - 4 javelins
 h - 6 tomahawks
 j - 10 sling bullets of flame
Armour
 b - a +0 animal skin
 g - a +2 ring mail (worn)
   (You found it on level 1 of the Dungeon)


   Skills:
 - Level 3.0 Fighting
 + Level 3.6 Long Blades
 + Level 2.1 Throwing
 - Level 1.5 Armour
 - Level 1.6 Dodging


You had 3 spell levels left.
You didn't know any spells.

Dungeon Overview and Level Annotations

Branches:
Dungeon (3/15)

Altars:

Annotations:
D:3 ark's ghost, average TrEE


Innate Abilities, Weirdness & Mutations

You do not eat or drink.
Your flesh is vulnerable to fire.
Your flesh is cold resistant.
You are immune to negative energy.
Your system is resistant to poisons.
You are immune to unholy pain and torment.
You can survive without breathing.


Message History

k - a +4 dagger (weapon)
You hit ark's ghost but do no damage.
Ark's ghost is moderately damaged.
Ark's ghost closely misses you.
You hit ark's ghost.
Ark's ghost is moderately damaged.
You feel the effects of Trog's Hand fading.
Ark's ghost hits you.
You hit ark's ghost but do no damage.
Ark's ghost is moderately damaged.
Ark's ghost completely misses you.
You hit ark's ghost but do no damage.
Ark's ghost is moderately damaged.
Ark's ghost hits you but does no damage.
You hit ark's ghost.
Ark's ghost is heavily damaged.
Ark's ghost closely misses you.
You hit ark's ghost.
Ark's ghost is heavily damaged.
Ark's ghost points at you and mumbles some strange words.
The rocky blast misses you.
You hit ark's ghost.
Ark's ghost is severely damaged.
Ark's ghost barely misses you.
You hit ark's ghost but do no damage.
Ark's ghost is severely damaged.
Your skin stops crawling.
You feel less resistant to hostile enchantments.
Ark's ghost hits you!
* * * LOW HITPOINT WARNING * * *
Use which ability? (? or * to list)
Your skin crawls.
You feel resistant to hostile enchantments.
Ark's ghost casts a spell at you. The rocky blast misses you.
You hit ark's ghost.
Ark's ghost is severely damaged.
You hear the slow rusting of a drain, a long way away.
You hit ark's ghost but do no damage.
Ark's ghost is severely damaged.
Ark's ghost hits you but does no damage.
You hit ark's ghost.
Ark's ghost is severely damaged.
Ark's ghost hits you.
* * * LOW HITPOINT WARNING * * *
You barely miss ark's ghost.
Ark's ghost is severely damaged.
Ark's ghost gestures at you while chanting.
The rocky blast hits you!
You hit ark's ghost.
Ark's ghost is severely damaged.
Ark's ghost hits you but does no damage.
You hit ark's ghost.
Ark's ghost is severely damaged.
Ark's ghost hits you!
* * * LOW HITPOINT WARNING * * *
Unknown command.
You closely miss ark's ghost.
Ark's ghost is severely damaged.
Ark's ghost misses you.
You hit ark's ghost.
Ark's ghost is almost destroyed.
Ark's ghost hits you.
You die...

.
#..#########.#
0~.0~~~0@W.#.#
##+####~##.#.#
####.#.#
#.#.#.#
#.....#
#.#...#
####..# #..#
### #..#


You could see ark's ghost.

Vanquished Creatures
  An orc wizard (D:3)
  2 adders (D:2)
  A giant mite (D:1)
  A worm (D:2)
  3 giant geckos (D:1)
  3 orcs (D:3)
  4 bats
  5 giant cockroaches
  8 goblins
  3 hobgoblins
  A ball python (D:1)
  4 giant newts
  3 kobolds
  6 rats
45 creatures vanquished.

Notes
Turn   | Place    | Note
--------------------------------------------------------------
     0 | D:1      | kroki, the Mummy Berserker, began the quest for the Orb.
     0 | D:1      | Reached XP level 1. HP: 18/18 MP: 1/1
   159 | D:1      | Reached skill level 3 in Long Blades
   159 | D:1      | Reached XP level 2. HP: 24/24 MP: 2/2
   707 | D:1      | Acquired Trog's second power
  1213 | D:2      | Reached XP level 3. HP: 29/29 MP: 3/3
  1435 | D:2      | Reached skill level 1 in Throwing
  2032 | D:2      | Reached XP level 4. HP: 18/35 MP: 4/4
  2480 | D:3      | Reached skill level 2 in Throwing
  2530 | D:3      | Noticed ark's ghost (average TrEE)
  2620 | D:3      | HP: 1/35 [ark's ghost (11)]
  2622 | D:3      | Slain by ark's ghost

Action                   |  1- 3 |  4- 6 || total
-------------------------+-------+-------++-------
Melee: Falchion          |    96 |    47 ||   143
       Dagger            |       |    16 ||    16
 Fire: Hunting sling     |       |     5 ||     5
Throw: Stone             |    65 |     7 ||    72
       Javelin           |    17 |       ||    17
Invok: Trog's Hand       |       |     5 ||     5
  Use: Scroll            |     3 |     2 ||     5
 Stab: Sleeping          |     1 |       ||     1
